 Seeded DCSS version 0.26.1-11-gd32895ea62 (webtiles) character file.

Game seed: 6782004941649059652 (custom seed)

126 Zeld the Digger (level 5, -6/29 HPs)
             Began as a Gargoyle Earth Elementalist on June 8, 2021.
             Killed by divine providence
             ... invoked by an orc priest
              (12 damage)
             ... on level 3 of the Dungeon.
             The game lasted 00:02:46 (2705 turns).

Zeld the Digger (Gargoyle Earth Elementalist)       Turns: 2705, Time: 00:02:47

Health: -6/29      AC:  8    Str: 11    XL:     5   Next: 9%
Magic:  2/9        EV: 12    Int: 17    God:
Gold:   125        SH:  0    Dex: 10    Spells: 3/9 levels left

rFire    . . .     SeeInvis .   (no weapon)
rCold    . . .     Faith    .   (no shield)
rNeg     + . .     Spirit   .   c - +0 robe
rPois    ∞         Reflect  .   (no helmet)
rElec    +         Harm     .   n - +0 cloak
rCorr    .         Rampage  .   l - +0 pair of gloves
Will     .....                  (no boots)
Stlth    ++........             a - amulet of regeneration
HPRegen  0.49/turn              (no ring)
MPRegen  0.11/turn              (no ring)

@: no status effects
A: negative energy resistance 1, electricity resistance, unbreathing,
petrification resistance, miasma immunity, AC +4
a: no special abilities


You were on level 3 of the Dungeon.
You visited 1 branch of the dungeon, and saw 3 of its levels.

You collected 125 gold pieces.

Inventory:

Missiles
 b - 65 stones (quivered)
Armour
 c - a +0 robe (worn)
 l - a +0 pair of gloves (worn)
 n - a +0 cloak (worn)
Jewellery
 a - an amulet of regeneration (around neck)
 j - an uncursed ring of protection from cold
Scrolls
 d - a scroll of teleportation
 e - a scroll of enchant armour
 h - 3 scrolls of enchant weapon
 m - a scroll of remove curse
Potions
 f - 2 potions of heal wounds {unknown}
 g - a potion of curing {unknown}
 i - a potion of attraction {unknown}
 k - a potion of degeneration {unknown}


   Skills:
 + Level 1.5 Fighting
 + Level 2.3 Dodging
 - Level 2.1 Stealth
 + Level 2.8 Spellcasting
 - Level 0.7 Transmutations
 * Level 5.2 Earth Magic


You had 3 spell levels left.
You knew the following spells:

 Your Spells              Type           Power        Failure   Level
a - Sandblast             Erth           40%          1%          1
b - Passwall              Tmut/Erth      10%          8%          2
c - Stone Arrow           Conj/Erth      22%          19%         3

Your spell library contained the following spells:

 Spells                   Type           Power        Failure   Level
 Petrify                  Tmut/Erth      12%          45%         4
 Lee's Rapid Deconstruct  Erth           10%          50%         5


Dungeon Overview and Level Annotations

Branches:
Dungeon (3/15)

Altars:
Ru


Innate Abilities, Weirdness & Mutations

You are resistant to torment.
Your stone body is resilient. (AC +4)
You are immune to poison.
You resist negative energy. (rN+)
You are resistant to electric shocks. (rElec)
You can survive without breathing.
You are immune to petrification.
You are immune to miasma.


Message History

Casting: Sandblast (safe; 1% risk of failure)
Confirm with . or Enter, or press ? or * to list all spells.
You don't have enough magic to cast that spell.
The orc wizard shouts!
An orc priest comes into view. It is wielding a +0 hand axe.
The orc wizard points at you and mumbles some strange words.
The magic dart hits you!
The orc wizard gestures wildly while chanting.
The orc wizard blinks!
An orc comes into view. It is wielding a +0 mace.
The orc shouts!
The orc wizard points at you and mumbles some strange words.
The magic dart hits you!
The orc priest begins to cast a cantrip, but forgets the words!
The orc priest mumbles some strange prayers to Beogh against you.
Beogh smites you!
* * * LOW HITPOINT WARNING * * *
The orc priest invokes the aid of Beogh against you.
Beogh smites you!
You die...

########## ### #........#
...############†######.##
...........>##.#........
#..#.######....#.####.## #..#(#
###.####.#...... ## #..#.#
#.....##.#.##.##
#..##..#.####.....##.#.#...# ####
#...).....@.....o..o...._.!
...#######..#.####....o##.#.#...#
............#.# #.....##.#.##.##
.#..........#.# ###.####.#......
.#########..#.# #.# #.####.## ##
#..#># #.# #.. #..#.# #.# ###
#....# #.# #....


You could see an orc priest and an orc.

Vanquished Creatures
  4 adders (D:2)
  An ufetubus (D:2)
  An ooze (D:2)
  3 worms
  2 dart slugs
  3 leopard geckos
  4 orcs (D:3)
  5 giant cockroaches
  5 goblins
  9 hobgoblins
  2 jackals (D:1)
  A ball python (D:2)
  4 bats
  9 frilled lizards
  7 kobolds
  7 rats
67 creatures vanquished.

Notes
Turn   | Place    | Note
-------+----------+-------------------------------------------
     0 | D:1      | Zeld the Gargoyle Earth Elementalist began the quest for
                  | the Orb.
     0 | D:1      | Reached XP level 1. HP: 10/10 MP: 3/3
   150 | D:1      | Reached skill level 4 in Earth Magic
   150 | D:1      | Reached XP level 2. HP: 8/15 MP: 0/5
   153 | D:1      | Learned a level 2 spell: Passwall
   921 | D:1      | Reached XP level 3. HP: 19/19 MP: 1/6
   925 | D:1      | Learned a level 3 spell: Stone Arrow
  1792 | D:2      | Reached XP level 4. HP: 19/24 MP: 4/7
  1877 | D:2      | Reached skill level 1 in Fighting
  2203 | D:2      | Reached skill level 5 in Earth Magic
  2628 | D:3      | Reached XP level 5. HP: 29/29 MP: 5/9
  2668 | D:3      | Found a sacrificial altar of Ru.
  2705 | D:3      | Killed from afar by an orc priest

Illustrated notes

Levels and vault maps discovered:
D:1:      lemuel_arrival_room, layout_rooms
D:2:      layout_basic, minmay_joined_circles
D:3:      layout_loops_ring, nicolae_ru_sacrificial_ziggurat,
          nicolae_overflow_hidden_temple

Skill      XL: |  1  2  3  4 |
---------------+-------------+-----
Earth Magic    | 4 5 |  5.2
Dodging        | 2 |  2.3
Fighting       | 1 |  1.5
Stealth        | |  2.1
Spellcasting   | |  2.8
Transmutations | |  0.7

Action                   |  1- 3 |  4- 6 || total
-------------------------+-------+-------++-------
Melee: Unarmed           |    92 |     2 ||    94
 Cast: Sandblast         |    50 |    47 ||    97
  Use: Scroll            |       |     6 ||     6
Armor: Robe              |    47 |     8 ||    55
Dodge: Dodged            |    61 |    13 ||    74
